 Dungeon Crawl Stone Soup version 0.31.0-12-g77e489cdc1 (webtiles) character file.

Game seed: 6850225924759114098

2 Killerpretzel the Ruffian (level 1, -3/13 HPs)
             Began as an Octopode Shapeshifter on Feb 11, 2024.
             Slain by Natasha (7 damage)
             ... on level 2 of the Dungeon.
             The game lasted 00:00:08 (82 turns).

Killerpretzel the Ruffian (Octopode Shapeshifter)     Turns: 82, Time: 00:00:09

Health: -3/13      AC:  1    Str: 13    XL:     1   Next: 30%
Magic:  1/1        EV: 13    Int: 12    God:
Gold:   0          SH:  0    Dex: 11    Spells: 0/0 levels left

rFire   . .          .
                       - Unarmed
rCold   . . .        (no shield)
rNeg    . . .        (helmet currently unavailable)
rPois   .            (no amulet)
rElec   .            (no ring)
rCorr   .            (no ring)
SInv    .            (no ring)
Will    .....        (no ring)
Stlth   ++           (no ring)
HPRegen 0.22/turn    (no ring)
MPRegen 0.07/turn    (no ring)
                     (no ring)

%: no passive effects
@: beast-form
A: beast (slay +1), almost no armour, amphibious, 8 rings, camouflage 1,
gelatinous body 1, (nimble swimmer 1), tentacles
a: Begin Untransformation


You were on level 2 of the Dungeon.
You were a hulking beast.
You visited 1 branch of the dungeon, and saw 2 of its levels.

Inventory:

Jewellery
 d - a ring of protection from fire
Talismans
 b - a beast talisman
 c - a flux talisman
Potions
 a - a potion of lignification


   Skills:
 + Level 1.0 Fighting
 + Level 2.0 Dodging
 + Level 3.0 Unarmed Combat
 * Level 3.0 Shapeshifting


You couldn't memorise any spells.
You didn't know any spells.
Your spell library was empty.

Dungeon Overview and Level Annotations

Branches:
Dungeon (1/15)

Altars:

Annotations:
D:2 Natasha


Innate Abilities, Weirdness & Mutations

You are a hulking beast.
Your limbs bulge with bestial killing power. (Slay +1)
You cannot wear most types of armour.
You are amphibious.
You can wear up to eight rings at the same time.
Your skin changes colour to match your surroundings (Stealth+).
Your rubbery body absorbs attacks. (AC +1, EV +1)
((You are camouflaged when in or above water. (Stealth+)))
You have tentacles for arms and can constrict up to eight enemies at once.


Message History

No reachable target in view!
No reachable target in view!
No reachable target in view!
No reachable target in view!
No reachable target in view!
No reachable target in view!
No reachable target in view!
No reachable target in view!
There are monsters nearby!
No reachable target in view!
No reachable target in view!
No reachable target in view!
No reachable target in view!
No reachable target in view!
No reachable target in view!
No reachable target in view!
No reachable target in view!
No reachable target in view!
No reachable target in view!
There are monsters nearby!
The goblin shouts!
The bat completely misses you.
Natasha hisses angrily.
The giant cockroach bites you. The goblin hits you with a +0 dagger.
Natasha mumbles some strange words.
The giant cockroach bites you.
You tentacle-slap the giant cockroach. Your grab misses the giant cockroach.
The giant cockroach is severely wounded.
The bat barely misses you. The goblin hits you with a +0 dagger.
Natasha casts a spell.
The bat barely misses you. The giant cockroach misses you.
You tentacle-slap the giant cockroach.
You kill the giant cockroach!
The bat misses you. The bat hits you but does no damage.
The goblin closely misses you.
The cerulean imp hits you from afar with a +1 spear.
The goblin hits you with a +0 dagger. Natasha claws you!
Ouch! That really hurt!
You die...
Natasha curls up and begins to purr.

#..... ....##.# . #....
#.#.##.##.#
#...####.#.#...#.#
#..#............##
#.....#+#.........
#.#..⌠# #⌠...##.#
#...### ###..##.#
##..''+ +gb...# #..###
#.h#### #...⌠# #⌠..5h#
#....#+#.....5.
##.#.†..........#
#####...####.........#
...........+$........'.
#####...####.........###
##.## ##......[## #.


You could see Natasha, 2 cerulean imps, a goblin and a bat.

Vanquished Creatures
  A giant cockroach (D:2)
  A bat (D:2)
2 creatures vanquished.

Notes
Turn   | Place    | Note
-------+----------+-------------------------------------------
     0 | D:1      | Killerpretzel the Octopode Shapeshifter began the quest for
                  | the Orb.
     0 | D:1      | Reached XP level 1. HP: 13/13 MP: 1/1
    58 | D:1      | You fall into a shaft and drop 1 floor!
    76 | D:2      | Noticed Natasha
    80 | D:2      | Noticed a cerulean imp
    81 | D:2      | Noticed a cerulean imp
    82 | D:2      | Slain by Natasha

Illustrated notes

Levels and vault maps discovered:
D:1:      shiori_arrival_maze, layout_basic
D:2:      layout_loops_corners, basic_altar, serial_shops,
          nicolae_shop_real_fake_doors, chequers_serial_rivers_large_a,
          st_stairs_14, uniq_natasha

Action                     || total
---------------------------++-------
  Melee: Unarmed           ||     4
         Constrict         ||     1
 Armour: Skin              ||     8
  Dodge: Dodged            ||     7
